 Dungeon Crawl Stone Soup version 0.18.1-8-gdd0e5ea (webtiles) character file.

656 mistymad the Shield-Bearer (level 7, 0/44 HPs)
             Began as a Gargoyle Fighter on May 21, 2016.
             Was an Initiate of Okawaru.
             Slain by Prince Ribbit (11 damage)
             ... on level 6 of the Dungeon.
             The game lasted 00:08:04 (4413 turns).

mistymad the Shield-Bearer (Gargoyle Fighter)       Turns: 4413, Time: 00:08:05

Health: 0/44       AC: 14    Str: 20    XL:     7   Next: 55%
Magic:  7/7        EV:  6    Int:  8    God:    Okawaru [......]
Gold:   282        SH: 14    Dex: 11    Spells: 0 memorised, 6 levels left

rFire  . . .     SeeInvis .     a - +0 flail
rCold  . . .     Gourm    .     b - +0 scale mail
rNeg   + . .     Faith    .     u - +0 large shield
rPois  ∞         Spirit   .     (no helmet)
rElec  +         Dismiss  .     s - +0 cloak
rCorr  .         Reflect  .     (no gloves)
SustAt .         Harm     .     e - +0 pair of boots
MR     .....                    (no amulet)
Stlth  ..........               (no ring)
                                (no ring)

@: not resistant to hostile enchantments, extremely unstealthy
A: negative energy resistance 1, electricity resistance, unbreathing,
petrification resistance, rot immunity, AC +4
a: Renounce Religion


You were on level 6 of the Dungeon.
You worshipped Okawaru.
Okawaru was noncommittal.
You were very hungry.

You visited 2 branches of the dungeon, and saw 7 of its levels.

You collected 282 gold pieces.

Inventory:

Hand Weapons
 a - a +0 flail (weapon)
Armour
 b - a +0 scale mail (worn)
 e - a +0 pair of boots (worn)
 s - a +0 cloak (worn)
 u - a +0 large shield (worn)
Jewellery
 j - a cursed amulet of inaccuracy {unknown}
Wands
 i - a wand of enslavement (12/24)
 C - a wand of enslavement (9/24)
 D - a wand of paralysis (19/24)
Scrolls
 g - 6 scrolls of teleportation {unknown}
 h - a scroll of amnesia {unknown}
 k - 3 scrolls of enchant weapon {unknown}
 m - 4 scrolls of identify {unknown}
 q - 2 scrolls of remove curse {unknown}
 y - a scroll of fear {unknown}
 z - 4 scrolls of blinking {unknown}
 A - 2 scrolls of recharging {unknown}
 B - 3 scrolls of enchant armour {unknown}
 E - a scroll of random uselessness {unknown}
 F - a scroll of fog {unknown}
Potions
 d - a potion of might
 l - a potion of berserk rage {unknown}
 n - 2 potions of curing {unknown}
 o - a potion of invisibility {unknown}
 p - 2 potions of haste {unknown}
 r - a potion of magic {unknown}
 t - a potion of agility {unknown}
 w - 3 potions of brilliance {unknown}
 x - a potion of resistance {unknown}
 J - 2 potions of cancellation {unknown}
Books
 I - a book of Changes

   Spells                             Type                      Level
   a - Beastly Appendage              Transmutation                1
   b - Sticks to Snakes               Transmutation                2
   c - Spider Form                    Transmutation/Poison         3
   d - Ice Form                       Ice/Transmutation            4
   e - Blade Hands                    Transmutation                5
Comestibles
 c - a royal jelly
 f - 4 bread rations
 v - 5 meat rations
 G - 2 fruits
 H - a beef jerky


   Skills:
 + Level 5.0 Fighting
 + Level 4.1 Maces & Flails
 + Level 5.0 Armour
 + Level 2.6 Dodging
 + Level 5.1 Shields


You had 6 spell levels left.
You didn't know any spells.

Dungeon Overview and Level Annotations

Branches:
Dungeon (6/15)             Temple (1/1) D:4

Altars:
Ashenzari
Cheibriados
Dithmenos
Gozag
Kikubaaqudgha
Makhleb
Nemelex Xobeh
Okawaru
Qazlal
Ru
Sif Muna
Trog
Vehumet
Xom
Yredelemnul
Zin
The Shining One

Annotations:
D:6 Prince Ribbit


Innate Abilities, Weirdness & Mutations

You are resistant to torment.
Your stone body is resilient (AC +4).
You are immune to poison.
You resist negative energy.
You are resistant to electric shocks.
You can survive without breathing.
You are immune to petrification.
You are immune to rotting.


Message History

You are too injured to fight recklessly!
You are too injured to fight recklessly!
You are too injured to fight recklessly!
You are too injured to fight recklessly!
You are too injured to fight recklessly!
You are too injured to fight recklessly!
You are too injured to fight recklessly!
You are too injured to fight recklessly!
You are too injured to fight recklessly!
You are too injured to fight recklessly!
You are too injured to fight recklessly!
You are too injured to fight recklessly!
You are too injured to fight recklessly!
You closely miss Prince Ribbit.
Prince Ribbit is heavily wounded.
You block Prince Ribbit's attack.
Prince Ribbit blinks!
Your shield prevents you from hitting Prince Ribbit.
Prince Ribbit is heavily wounded.
You block Prince Ribbit's attack. Prince Ribbit hits you!
You die...

##.##.### ........
.......# #.#....# ##+#
#.#....# ....#
#.####.#....# ....+
...........####.#
....###### #...F@........
...<.....###....(........
......##.##....###.####.#
......##.##....# .#
.........##....# .#
....#.##.##....###.#
....#.##...........#
....#.##.##.#.#.####
##.##.##.##.#.#.#


You could see Prince Ribbit.

Vanquished Creatures
  A centaur (D:5)
  2 scorpions
  2 howler monkeys (D:4)
  2 hounds
  A gnoll shaman (D:5)
  Crazy Yiuf (D:2)
  3 worker ants
  Natasha (D:2)
  A hound skeleton (D:4)
  3 gnolls (D:5)
  6 adders
  2 oozes
  An adder skeleton (D:5)
  An adder zombie (D:4)
  6 worms
  A dart slug (D:1)
  A giant gecko (D:5)
  3 orcs
  4 giant cockroaches
  5 goblins
  9 hobgoblins
  5 jackals
  A quokka (D:4)
  5 bats
  2 giant newts
  2 kobolds
  6 rats
77 creatures vanquished.

Vanquished Creatures (others)
  A rat (D:1)
1 creature vanquished.

Grand Total: 78 creatures vanquished

Notes
Turn   | Place    | Note
--------------------------------------------------------------
     0 | D:1      | mistymad the Gargoyle Fighter began the quest for the Orb.
     0 | D:1      | Reached XP level 1. HP: 14/14 MP: 1/1
   453 | D:1      | Reached XP level 2. HP: 19/19 MP: 2/2
   876 | D:2      | Reached XP level 3. HP: 23/23 MP: 3/3
  1192 | D:2      | Found a deep blue altar of Sif Muna.
  1202 | D:2      | Reached skill level 1 in Dodging
  1284 | D:2      | Reached XP level 4. HP: 18/28 MP: 4/4
  1764 | D:2      | Found a basalt altar of Yredelemnul.
  1765 | D:2      | Found a sacrificial altar of Ru.
  1810 | D:2      | Noticed Crazy Yiuf
  1818 | D:2      | Killed Crazy Yiuf
  1869 | D:3      | Noticed Natasha
  1878 | D:2      | Killed Natasha
  1878 | D:2      | Reached XP level 5. HP: 21/33 MP: 5/5
  2296 | D:3      | Found a stormy altar of Qazlal.
  2632 | D:4      | Reached XP level 6. HP: 35/38 MP: 6/6
  2809 | D:4      | Found a staircase to the Ecumenical Temple.
  2837 | Temple   | Entered the Ecumenical Temple
  2846 | Temple   | Became a worshipper of Warmaster Okawaru
  3199 | D:5      | Entered Level 5 of the Dungeon
  3305 | D:2      | Found an opulent altar of Gozag.
  3748 | D:5      | Reached XP level 7. HP: 44/44 MP: 7/7
  3835 | D:5      | Reached skill level 5 in Shields
  4370 | D:6      | Reached skill level 5 in Fighting
  4370 | D:6      | Reached skill level 5 in Armour
  4401 | D:6      | Noticed Prince Ribbit
  4413 | D:6      | Slain by Prince Ribbit

Skill      XL: |  1  2  3  4  5  6  7 |
---------------+----------------------+-----
Dodging        | 1 2 |  2.6
Armour         | 4 5 |  5.0
Maces & Flails | 3 4 |  4.1
Shields        | 4 5 |  5.1
Fighting       | 4 5 |  5.0

Action                   |  1- 3 |  4- 6 |  7- 9 || total
-------------------------+-------+-------+-------++-------
Melee: Flail             |   130 |   253 |    55 ||   438
  Eat: Chunk             |     1 |     9 |     1 ||    11
Armor: Scale mail        |    68 |   208 |    19 ||   295
Dodge: Dodged            |    35 |    60 |     9 ||   104
Block: Shield            |    30 |       |       ||    30
       Large shield      |    50 |   251 |    35 ||   336
